[Event "*** SCC Grand Prix: Titled Tuesday Blitz"]
[Site "Chess.com"]
[Date "2020.08.11"]
[Round "3"]
[White "coalescenet"]
[Black "RobPeresian"]
[Result "1-0"]
[WhiteElo "1948"]
[BlackElo "2245"]
[TimeControl "180+1"]
[EndTime "10:30:01 PDT"]
[Termination "coalescenet won on time"]

1. d4 Nf6 2. c4 e6 3. Nf3 d5 4. Nc3 Bb4 5. e3 O-O 6. Qc2 c5 7. dxc5 Bxc5 8. Bd2 Nc6 9. cxd5 exd5 10. Na4 Bd6 11.
Be2 Bg4 12. Nc5 Qe7 13. Nb3 Ne4 14. h3 Be6 15. O-O Nxd2 16. Qxd2 Rad8 17. Rfd1 Bb8 18.
Bf1 f5 19. g3 f4 20. exf4 Qf6 21. Nbd4 Bc8 22. Rac1 Kh8 23. Qc3 Nxd4 24. Qxd4 Qh6 25. Kh2 Rf6 26. Qxd5 Rdf8 27. Ng5 Rxf4 28. gxf4 Bxf4+ 29.
Kh1 Bxg5 30. Rc3 Bf5 31. Qxf5 Bf6 32. Rf3 Qh4 33. Qg4 Qh6 34. Bg2 g6 35. Rfd3 Qg7 36.
Rd7 Qh6 37. Rxb7 Be5 38. Rbd7 Rxf2 39. Rd8+ Rf8 40. Rxf8+ Qxf8 41. Qe4 Bxb2 42. Qa8 Qxa8 43. Bxa8 Kg7 44. Bg2 Kf6 45. Rd7 Be5 46. Rxa7 h5 47. Ra6+ 1-0

[Event "*** SCC Grand Prix: Titled Tuesday Blitz"]
[Site "Chess.com"]
[Date "2020.08.11"]
[Round "3"]
[White "Adham_Fawzy"]
[Black "RusPakhom"]
[Result "1-0"]
[WhiteElo "2729"]
[BlackElo "2295"]
[TimeControl "180+1"]
[EndTime "10:30:02 PDT"]
[Termination "Adham_Fawzy won by resignation"]

1. e4 e5 2. Nf3 Nf6 3. Nxe5 d6 4.
Nf3 Nxe4 5. d4 d5 6. Bd3 Nc6 7. O-O Be7 8. Re1 Bf5 9. c4 Nb4 10. Bf1 O-O 11. a3 Nc6 12. Nc3 Nxc3 13. bxc3 dxc4 14. Bxc4 Rb8 15. Bf4 Bd6 16. Qd2 b5 17. Ba2 Qd7 18. d5 Na5 19. Ne5 Qc8 20. Nc6 Nxc6 21.
dxc6 Rd8 22. Qd4 a5 23. Rad1 Bg6 24. Bd5 Qf5 25. Bxd6 Rxd6 26. Qa7 Rf8 27. Bf3 Rxd1 28. Rxd1 Qe5 29. Qxa5 Bc2 30. Rc1 Bd3 31. c4 Qf4 32. Rd1 bxc4 33. h3 h6 34. Qc3 Rd8 35. a4 Qd6 36. a5 Qc5 37. Ra1 Qb5 38. a6 Ra8 39. Qa3 Qb6 40. g3 Qd4 41. Kg2 c3 42. Rc1 Be4 43.
Qxc3 Bxf3+ 44. Qxf3 Qb6 45. Rd1 Qxa6 46. Rd7 Qc8 47. Qxf7+ 1-0

[Event "*** SCC Grand Prix: Titled Tuesday Blitz"]
[Site "Chess.com"]
[Date "2020.08.11"]
[Round "3"]
[White "pedromartinez91"]
[Black "Savva09022009"]
[Result "1-0"]
[WhiteElo "2562"]
[BlackElo "2339"]
[TimeControl "180+1"]
[EndTime "10:30:03 PDT"]
[Termination "pedromartinez91 won by checkmate"]

1. d4 Nf6 2. c4 e6 3. Nf3 d5 4.
Nc3 dxc4 5. e3 c5 6. Bxc4 Be7 7.
O-O O-O 8. dxc5 Bxc5 9. Qxd8 Rxd8 10. Be2 Nc6 11. a3 a6 12. b4 Be7 13. Bb2 e5 14.
Ng5 h6 15. Nge4 Nxe4 16. Nxe4 f5 17. Bc4+ Kh7 18. Nc3 b5 19. Bd5 Bb7 20. Rac1 Rac8 21. Be6 Rb8 22. Bxf5+ g6 23. Be4 Rd2 24. Ba1 Nd8 25. Rfd1 Rxd1+ 26. Rxd1 Bxe4 27. Nxe4 Nc6 28. Rd7 Kg8 29. g4 Rc8 30. Kg2 Kf8 31. Rb7 a5 32.
bxa5 Nxa5 33. Rxb5 Nc4 34. a4 Ra8 35. Bxe5 Rxa4 36.
Bd4 Kf7 37. Rb7 Ke6 38. Bc5 Bf6 39. Nxf6 Kxf6 40. h4 Ra2 41. Bd4+ Ke6 42. Rg7 g5 43. hxg5 hxg5 44. Rxg5 Nd2 45. Re5+ Kf7 46. g5 Nc4 47.
Rc5 Nd6 48. Kf3 Nf5 49. Rxf5+ Kg6 50. Rc5 Ra8 51. Kg3 Re8 52. f4 Re4 53. Rc6+ Kf5 54.
Rf6# 1-0

[Event "*** SCC Grand Prix: Titled Tuesday Blitz"]
[Site "Chess.com"]
[Date "2020.08.11"]
[Round "3"]
[White "AvitalBor"]
[Black "kingofthenil"]
[Result "1-0"]
[WhiteElo "2821"]
[BlackElo "2449"]
[TimeControl "180+1"]
[EndTime "10:30:04 PDT"]
[Termination "AvitalBor won on time"]

1. Nf3 Nf6 2. g3 d5 3. Bg2 e6 4.
O-O Be7 5. d4 O-O 6. b3 b6 7. c4 Bb7 8. Bb2 Nbd7 9. Nc3 c5 10. dxc5 Nxc5 11. cxd5 Nxd5 12. Nxd5 Bxd5 13. Ne5 Bxg2 14. Kxg2 Qc8 15. b4 Rd8 16. Qc2 Qb7+ 17. f3 Na6 18. Nc6 Nxb4 19. Qc3 Bf6 20. Nxd8 Bxc3 21.
Nxb7 Bxb2 22. Rab1 Bc3 23. Nd6 Nd5 24. Rfc1 Bd2 25. Rc8+ Rxc8 26. Nxc8 Nc3 27. Rb2 Be3 28. Nxa7 h5 29. Nb5 Nd5 30. Kh3 g6 31. Rc2 Kg7 32.
Nc7 Nb4 33. Rb2 Bc5 34. a3 Nc6 35. Nb5 g5 36. Kg2 g4 37. h3 f5 38. hxg4 hxg4 39.
Rc2 Kf6 40. a4 Na5 41. Nc3 gxf3+ 42. Kxf3 Nc4 43. e4 Ne5+ 44. Ke2 Ng6 45. exf5 exf5 46.
a5 Kg5 47. a6 b5 48. Nxb5 Bb6 49. a7 1-0

[Event "*** SCC Grand Prix: Titled Tuesday Blitz"]
[Site "Chess.com"]
[Date "2020.08.11"]
[Round "3"]
[White "zmarian"]
[Black "Korona_91"]
[Result "1/2-1/2"]
[WhiteElo "2203"]
[BlackElo "2488"]
[TimeControl "180+1"]
[EndTime "10:30:04 PDT"]
[Termination "Game drawn by repetition"]

1. g3 g6 2. Bg2 Bg7 3. Nf3 d6 4. O-O e5 5. d3 f5 6. Nbd2 Nf6 7. Rb1 O-O 8. b4 c6 9. c4 h6 10.
Qc2 g5 11. Bb2 Be6 12. a3 Nbd7 13. c5 g4 14. Nh4 dxc5 15. Ng6 Re8 16. Nxe5 cxb4 17.
axb4 Nd5 18. Nxd7 Qxd7 19. Bxg7 Qxg7 20. e3 Nc3 21. Rb2 Rad8 22. Nb1 Nxb1 23. Rbxb1 Bd5 24.
b5 Bxg2 25. Kxg2 cxb5 26. Rxb5 Qd7 27. Qb3+ Qe6 28. Rxb7 Qxb3 29. Rxb3 Re6 30. Ra1 Rd7 31. Rba3 Ree7 32. Ra6 Rxd3 33. Rxh6 Rd2 34. Rha6 Rxe3 35. Rxa7 Rf3 36. Rf1 Kf8 37. Rh7 Rc3 38. h3 Kg8 39.
Rh4 gxh3+ 40. Rxh3 Kg7 41. Rh4 Kf6 42. Ra1 Rcc2 43. Rf4 Rd5 44. Ra6+ Kg5 45. Ra3 Re2 46. Raf3 Ree5 47. Ra3 Ra5 48. Rxa5 Rxa5 49. Rb4 Rc5 50. Rb3 Ra5 51. Rb2 Rd5 52. Rb8 Rc5 53. Rg8+ Kf6 54. Rf8+ Kg6 55. Ra8 Kf6 56. Ra3 Kg6 57. f4 Rc6 58. Kf3 Rb6 59. g4 fxg4+ 60. Kxg4 Rc6 61. Rd3 Kf6 62. Re3 Rb6 63. Rh3 Kg6 64. Ra3 Kf6 65.
Rh3 Kg6 66. Ra3 1/2-1/2

[Event "*** SCC Grand Prix: Titled Tuesday Blitz"]
[Site "Chess.com"]
[Date "2020.08.11"]
[Round "3"]
[White "Resignify"]
[Black "chessablanca"]
[Result "0-1"]
[WhiteElo "2199"]
[BlackElo "2419"]
[TimeControl "180+1"]
[EndTime "10:30:04 PDT"]
[Termination "chessablanca won on time"]

1. e4 e5 2. Nf3 Nc6 3. Bb5 a6 4. Ba4 Nf6 5. O-O Be7 6. Re1 b5 7. Bb3 d6 8. c3 O-O 9. h3 Na5 10.
Bc2 c5 11. d4 Qc7 12. Nbd2 Bd7 13. Nf1 Rac8 14. dxe5 dxe5 15. Bg5 Be6 16. Ne3 Rfd8 17.
Qe2 h6 18. Bxf6 Bxf6 19. b3 b4 20. c4 Nc6 21. Nd5 Bxd5 22. exd5 Nd4 23. Nxd4 cxd4 24. Bd3 g6 25. Rac1 Bg7 26. Qg4 Qd6 27. f3 f5 28.
Qg3 Kh7 29. Rc2 Re8 30. Rce2 Rc7 31. Kh1 Rce7 32. Kg1 h5 33. Kh1 Bh6 34. Qf2 Be3 35.
Rxe3 dxe3 36. Rxe3 e4 37. fxe4 fxe4 38. Bc2 Qd7 39.
Qe2 Qf5 40. d6 Re6 41. d7 Rd8 42. Bxe4 Qf7 43. Bb7 Rxe3 44. Qxe3 Rxd7 45. Bd5 Qe7 46. Qb6 Rd6 47. Qxb4 Qe5 48. Kg1 Rf6 0-1

[Event "*** SCC Grand Prix: Titled Tuesday Blitz"]
[Site "Chess.com"]
[Date "2020.08.11"]
[Round "3"]
[White "tsvet2005"]
[Black "Harsha_Bharathakoti"]
[Result "0-1"]
[WhiteElo "2566"]
[BlackElo "2856"]
[TimeControl "180+1"]
[EndTime "10:30:05 PDT"]
[Termination "Harsha_Bharathakoti won by resignation"]

1. d4 f5 2. c4 Nf6 3. Nf3 e6 4.
Nc3 d5 5. Bf4 c6 6. e3 Be7 7. Bd3 O-O 8. O-O Nh5 9. Ne5 Nxf4 10.
exf4 Nd7 11. Qe2 Nxe5 12. dxe5 d4 13. Nb1 c5 14. Nd2 b6 15. Qd1 Kh8 16. Qc2 Bb7 17.
Be2 Rg8 18. Qd3 g5 19. Bf3 Qd7 20. Bxb7 Qxb7 21. fxg5 Rxg5 22. Qf3 Qxf3 23. Nxf3 Rg4 24. Rad1 Rag8 25. g3 h5 26. Rd3 h4 27. Kg2 Re4 28.
Re1 Kh7 29. b3 Kh6 30. Rdd1 Reg4 31. Rg1 hxg3 32. hxg3 f4 33. Kh3 fxg3 34. fxg3 R4g6 35. Rd3 Rf8 36. g4 Bg5 37. Kg3 Bf4+ 38. Kh3 Be3 39. Rf1 Rf4 40. Nh2 Kg5 41. Rdd1 Rh6+ 42. Kg2 a5 43. a4 Rh8 44. Rf3 Rxh2+ 45. Kxh2 Rxf3 0-1

[Event "*** SCC Grand Prix: Titled Tuesday Blitz"]
[Site "Chess.com"]
[Date "2020.08.11"]
[Round "3"]
[White "BocharovD"]
[Black "dpopadic"]
[Result "1-0"]
[WhiteElo "2689"]
[BlackElo "2423"]
[TimeControl "180+1"]
[EndTime "10:30:05 PDT"]
[Termination "BocharovD won on time"]

1. d4 Nf6 2. c4 g6 3. Nf3 Bg7 4. g3 d6 5. Bg2 O-O 6. O-O Nbd7 7. Nc3 e5 8. e4 exd4 9. Nxd4 Re8 10. h3 a6 11. b3 Rb8 12. Re1 c5 13. Nc2 Qc7 14. a4 Ne5 15. Bg5 Be6 16. Qd2 Rbd8 17. Rad1 Qb6 18. Rb1 Nc6 19. Nd5 Bxd5 20. cxd5 Ne5 21. Ne3 Qc7 22. f4 Ned7 23. e5 dxe5 24. d6 Qb8 25.
Nc4 exf4 26. Bxf4 Nh5 27. Bg5 Bd4+ 28. Kh2 f6 29. Be3 b5 30. axb5 axb5 31. Bxd4 cxd4 32. Qxd4 bxc4 33. bxc4 Qc8 34. Re7 Rxe7 35. dxe7 Re8 36. Qd6 Ne5 37. c5 Ng7 38. Bd5+ Kh8 39. Qxf6 Nd7 40.
Qf7 1-0

[Event "*** SCC Grand Prix: Titled Tuesday Blitz"]
[Site "Chess.com"]
[Date "2020.08.11"]
[Round "3"]
[White "GoldenShare"]
[Black "PawnEatingZombie"]
[Result "1-0"]
[WhiteElo "2504"]
[BlackElo "2217"]
[TimeControl "180+1"]
[EndTime "10:30:06 PDT"]
[Termination "GoldenShare won by resignation"]

1. e4 c6 2. Nc3 d5 3. Nf3 dxe4 4. Nxe4 Nf6 5. Qe2 Nxe4 6. Qxe4 Qa5 7. Bc4 Bf5 8. Qf4 e6 9. c3 Be7 10. d4 O-O 11. O-O Nd7 12. Re1 Rac8 13. h3 Qc7 14. Qxc7 Rxc7 15. Bf4 Rcc8 16. a4 a5 17. Ba2 Rfe8 18.
Nd2 Nb6 19. Ne4 Nxa4 20. Ng3 Nxb2 21. Nxf5 exf5 22. Bb1 Nc4 23. Bxf5 Ra8 24. Bd7 Kf8 25. Bxe8 Rxe8 26. Reb1 b5 27. d5 b4 28. dxc6 Rc8 29.
cxb4 axb4 30. c7 g5 31. Bg3 f5 32. Rc1 Nd2 33. Be5 Nb3 34. f3 Nxc1 35. Rxc1 Kf7 36. Rb1 Ke6 37. Re1 Kf7 38. Kf2 Bc5+ 39. Kg3 Bb6 40. Rc1 b3 41. f4 b2 42. Bxb2 gxf4+ 43. Kf3 Rxc7 44. Rd1 Kg6 45. Rd6+ Kf7 46. Rxb6 Rc2 47. Kxf4 Rxb2 48. Rxb2 Ke6 49. Rb6+ 1-0

[Event "*** SCC Grand Prix: Titled Tuesday Blitz"]
[Site "Chess.com"]
[Date "2020.08.11"]
[Round "3"]
[White "Zmeeed63"]
[Black "Danfii"]
[Result "1-0"]
[WhiteElo "2190"]
[BlackElo "2354"]
[TimeControl "180+1"]
[EndTime "10:30:06 PDT"]
[Termination "Zmeeed63 won by resignation"]

1. d4 Nf6 2. c4 e6 3. Nc3 Bb4 4. f3 c5 5. d5 O-O 6. e4 exd5 7. cxd5 d6 8. Bd3 Re8 9. Ne2 Nbd7 10. O-O Ne5 11.
Kh1 Nxd3 12. Qxd3 a6 13. a4 Ba5 14. Bg5 h6 15. Bh4 Qe7 16. Nd1 Bd7 17. Qc2 b5 18.
axb5 axb5 19. Nf2 Bc7 20. Nd3 b4 21. b3 Bb5 22. Rfe1 g5 23. Bg3 Rxa1 24. Rxa1 Nxd5 25. Ra7 Ne3 26. Qd2 Nf1 27. Qc2 Nxg3+ 28. Nxg3 Rc8 29. Nf5 Qf6 30. g3 Bd7 31. Nxb4 Bxf5 32. Nd5 Qe5 33. Nxc7 Bh3 34. Nd5 Rb8 35. Qc4 Rf8 36. Ne7+ Kg7 37.
Qc1 Qd4 38. Nf5+ Bxf5 39. exf5 Qd3 40. Qa1+ Kg8 41. Kg2 Re8 42. Qf6 Re2+ 43. Kh3 Rxh2+ 44. Kxh2 Qe2+ 45. Kg1 Qe1+ 46. Kg2 Qe2+ 47. Kh3 Qf1+ 48. Kg4 h5+ 49. Kxg5 Qc1+ 50. f4 1-0

[Event "*** SCC Grand Prix: Titled Tuesday Blitz"]
[Site "Chess.com"]
[Date "2020.08.11"]
[Round "3"]
[White "HrvojeZagreb"]
[Black "Tekushka"]
[Result "0-1"]
[WhiteElo "2109"]
[BlackElo "2330"]
[TimeControl "180+1"]
[EndTime "10:30:06 PDT"]
[Termination "Tekushka won on time"]

1. d4 Nf6 2. Bf4 c5 3. e3 Qb6 4. Na3 cxd4 5. exd4 a6 6. Nc4 Qd8 7. a4 d6 8. Bd3 g6 9. Qd2 Bg7 10. Bh6 O-O 11. h4 e5 12. h5 Nxh5 13. Rxh5 gxh5 14.
Bxg7 Kxg7 15. dxe5 dxe5 16. O-O-O Nc6 17. Nf3 Qf6 18.
Nb6 Rb8 19. Kb1 Bg4 20. Re1 Rbd8 21. Qc3 Bxf3 22. gxf3 Nd4 23. Rg1+ Kh8 24. Nc4 Nxf3 25. Rg3 Nd4 26. Ne3 Rg8 27. Rh3 h4 28. Nc4 Rg1+ 29.
Ka2 b5 30. b3 bxc4 31. Bxc4 Rc1 32. Bd3 Qe6 33. Ka3 Qf6 34. Re3 Qe7+ 35. Ka2 Qf6 36. Qb2 Rg1 37. f4 Qxf4 38. Re4 Qf6 39. Rg4 Rxg4 40. Bc4 h3 41. Qc1 Rh4 42. Qh1 h2 43. Bd3 Rg8 44. Be4 Qf4 45. c3 Rg1 0-1

[Event "*** SCC Grand Prix: Titled Tuesday Blitz"]
[Site "Chess.com"]
[Date "2020.08.11"]
[Round "3"]
[White "TigrVShlyape"]
[Black "Alexander_Donchenko"]
[Result "0-1"]
[WhiteElo "2855"]
[BlackElo "2662"]
[TimeControl "180+1"]
[EndTime "10:30:07 PDT"]
[Termination "Alexander_Donchenko won by resignation"]

1. d4 Nf6 2. Nf3 b6 3. Bf4 Bb7 4. e3 g6 5. Nbd2 Bg7 6. a4 a6 7. c3 O-O 8. h3 d6 9. Bc4 c5 10. O-O Nc6 11. Re1 Qc7 12. Bh2 e5 13. dxe5 dxe5 14.
Bf1 Rad8 15. Qb3 Na5 16. Qa2 Nd5 17. Nc4 Nxc4 18. Bxc4 Qe7 19. Rad1 Nc7 20. Qb3 b5 21. axb5 axb5 22. Be2 e4 23. Nd2 c4 24. Bxc4 Bc8 25. Bf1 Be5 26. Bxe5 Qxe5 27. Qb4 Rfe8 28. Nb3 Be6 29.
Qc5 Bxb3 30. Qxe5 Rxd1 31. Qxc7 Rxe1 32. Qc6 Rb8 33. Qc7 Rf8 34. Qc6 Bc4 35. Qxe4 Rxf1+ 36.
Kh2 Rxf2 37. b4 Rd8 38. Kg3 Re2 39. Qe7 Rf8 40. Kf3 Rc2 41. Qf6 h5 42. g4 hxg4+ 43. Kxg4 Rg2+ 44. Kf3 Rg1 45. e4 Rf1+ 0-1

[Event "*** SCC Grand Prix: Titled Tuesday Blitz"]
[Site "Chess.com"]
[Date "2020.08.11"]
[Round "3"]
[White "alexrustemov"]
[Black "djano"]
[Result "1-0"]
[WhiteElo "2644"]
[BlackElo "2410"]
[TimeControl "180+1"]
[EndTime "10:30:08 PDT"]
[Termination "alexrustemov won on time"]

1. d4 d5 2. c4 Nc6 3. Nf3 Bg4 4. cxd5 Bxf3 5. gxf3 Qxd5 6. e3 e5 7. Nc3 Bb4 8. Bd2 Bxc3 9. bxc3 Nge7 10. Qb3 O-O-O 11.
Rb1 Qxb3 12. axb3 f5 13. Bd3 g6 14. h4 Rhf8 15. Ke2 exd4 16. exd4 Nd5 17. h5 Rde8+ 18.
Kd1 Re6 19. Kc2 Rd6 20. Rbg1 Ndb4+ 21. cxb4 Nxd4+ 22. Kc3 Nxf3 23. Rg3 Ne5 24. Bf4 Rc6+ 25. Kd2 Ng4 26. hxg6 hxg6 27. Rg2 Rd8 28. Rh7 Nf6 29.
Rh3 Nd5 30. Bg5 Rdd6 31. Rh8+ Kd7 32. b5 Rc5 33. Rd8+ Ke6 34. Rxd6+ cxd6 35. Rh2 Nb4 36. Bc4+ d5 37. Be3 Rc7 38. Bd3 d4 39. Bf4 Rc8 40. Bc4+ Kf6 41. Rh7 g5 42. Bd6 Na2 43. Rxb7 Nc3 44. f3 g4 45. Kd3 gxf3 46. Kxd4 Ne2+ 47. Ke3 1-0

[Event "*** SCC Grand Prix: Titled Tuesday Blitz"]
[Site "Chess.com"]
[Date "2020.08.11"]
[Round "3"]
[White "mapleaff"]
[Black "MPGM"]
[Result "1-0"]
[WhiteElo "2338"]
[BlackElo "2461"]
[TimeControl "180+1"]
[EndTime "10:30:09 PDT"]
[Termination "mapleaff won by resignation"]

1. d4 d5 2. c4 e6 3. Nf3 Nf6 4. Nc3 c5 5. cxd5 exd5 6. g3 Nc6 7. Bg2 cxd4 8. Nxd4 Bc5 9. Nb3 Bb6 10. O-O d4 11. Na4 O-O 12. Nxb6 axb6 13. Bxc6 bxc6 14. Qxd4 Be6 15. Bg5 c5 16. Qh4 h6 17. Bxf6 Qxf6 18. Qxf6 gxf6 19. Rfd1 Rfd8 20. Rd2 Bc4 21. Kf1 Kf8 22. Ke1 Ke7 23. Nc1 Rxd2 24. Kxd2 Be6 25. a3 b5 26. Nd3 Kd6 27. Rc1 c4 28. Nb4 Kc5 29. Ke3 Rd8 30. Rc2 Re8 31. Kf4 Bd5 32. f3 Bb7 33. Rd2 Re7 34. e4 Ba8 35. Rd8 Bb7 36. Rb8 c3 37. bxc3 Kc4 38. Nd5 Bxd5 39.
exd5 Re5 40. d6 Rd5 41. Rb6 Kxc3 42. Ke4 Rd4+ 43. Kf5 Kc4 44. Rc6+ Kb3 45. Kxf6 Kxa3 46. Ke7 b4 47. d7 b3 48. d8=Q Rxd8 49. Kxd8 b2 50.
Ra6+ Kb4 51. Rb6+ Kc5 52. Rxb2 1-0

[Event "*** SCC Grand Prix: Titled Tuesday Blitz"]
[Site "Chess.com"]
[Date "2020.08.11"]
[Round "3"]
[White "sewin16"]
[Black "ManuDavid2910"]
[Result "0-1"]
[WhiteElo "2405"]
[BlackElo "2636"]
[TimeControl "180+1"]
[EndTime "10:30:10 PDT"]
[Termination "ManuDavid2910 won on time"]

1. e4 c5 2. Nf3 Nc6 3. d4 cxd4 4.
Nxd4 e5 5. Nb5 d6 6. N1c3 a6 7. Na3 Be6 8. Nc4 Nf6 9. Ne3 b5 10. a3 Nd4 11. Bd3 Be7 12. O-O O-O 13. Ne2 Nxe2+ 14. Qxe2 Qb6 15. Nf5 Bxf5 16. exf5 Qc7 17. f4 Rfe8 18. fxe5 dxe5 19. Be4 Rac8 20. c3 Rcd8 21.
a4 b4 22. cxb4 Bxb4 23. Bg5 Rd4 24. Bxf6 Qb6 25. a5 Qxf6 26. Kh1 Rd2 27. Qc4 Rxb2 28. Rab1 Rxb1 29. Rxb1 Bxa5 30. Qa4 Qd8 31. Rd1 Qb8 32. Qxa5 h6 33. f6 gxf6 34. Qd5 Qb5 35. Qd2 Kg7 36. Qf2 Qa4 37. Re1 Rd8 38. Qf5 Rd4 39. h3 Kf8 40. Re3 Ke7 41. Kh2 Qd7 42. Qf3 Qd6 43. Re2 a5 44.
Bf5 a4 45. Qh5 a3 46. Ra2 e4+ 47. Kh1 Rd1+ 0-1

[Event "*** SCC Grand Prix: Titled Tuesday Blitz"]
[Site "Chess.com"]
[Date "2020.08.11"]
[Round "3"]
[White "Thipsay"]
[Black "kngopal"]
[Result "1-0"]
[WhiteElo "2492"]
[BlackElo "2189"]
[TimeControl "180+1"]
[EndTime "10:30:10 PDT"]
[Termination "Thipsay won by checkmate"]

1. e4 e6 2. d4 d5 3. e5 c5 4.
c3 Nc6 5. Nf3 Nh6 6. Bxh6 gxh6 7. Bd3 cxd4 8. cxd4 Qb6 9. Qd2 Bd7 10. Be2 Rc8 11.
Nc3 a6 12. O-O Bg7 13. Rab1 O-O 14. Na4 Qd8 15. Nc5 Rc7 16. b4 Bc8 17. Rbc1 f6 18. exf6 Qxf6 19. Rcd1 Qf4 20. a3 b6 21. Nxa6 Bxa6 22.
Bxa6 Qg4 23. Be2 Qe4 24. Rfe1 Qg6 25. Rc1 Rfc8 26. Ba6 Rf8 27. Be2 Rfc8 28. b5 Na5 29. Rxc7 Rxc7 30. Bd3 Qe8 31. Qf4 Rf7 32. Qg4 Re7 33. Ne5 Kh8 34. h4 Bxe5 35. Rxe5 Nc4 36. Bxc4 dxc4 37. Qe4 Qf7 38. Qe3 Qe8 39. d5 Qd7 40.
dxe6 Qd1+ 41. Kh2 Qd3 42. Qf4 Qd8 43. Qf6+ Kg8 44. Re3 Qd6+ 45. Rg3+ Rg7 46. Qxg7# 1-0

[Event "*** SCC Grand Prix: Titled Tuesday Blitz"]
[Site "Chess.com"]
[Date "2020.08.11"]
[Round "3"]
[White "ftorodent"]
[Black "SantoBlue"]
[Result "0-1"]
[WhiteElo "2650"]
[BlackElo "2879"]
[TimeControl "180+1"]
[EndTime "10:30:11 PDT"]
[Termination "SantoBlue won on time"]

1. d4 Nf6 2. c4 e6 3. Nf3 b6 4. a3 Bb7 5. Nc3 d5 6. Bg5 Be7 7. cxd5 Nxd5 8. Nxd5 Bxd5 9. Bxe7 Qxe7 10. Qc2 O-O 11. Rc1 Rc8 12. e3 c5 13. Bd3 h6 14. O-O Bxf3 15. gxf3 Nc6 16. dxc5 Ne5 17. Bh7+ Kh8 18. Be4 Rxc5 19. Bxa8 Rxc2 20. Rxc2 Kh7 21. f4 Ng4 22. h3 Nf6 23. Rfc1 e5 24. fxe5 Qxe5 25. Bg2 Kg6 26. b4 h5 27. Rc6 h4 28.
R1c4 Qa1+ 29. Kh2 Kg5 30. Rc7 Qa2 31. Rf4 a6 32. Rc6 Qxa3 33. Rxb6 Qa2 34. Rc6 Kg6 35.
Be4+ Kh6 36. Rxh4+ Kg5 37. Kg3 Nh5+ 38. Rxh5+ Kxh5 39.
Bf3+ Kg5 40. h4+ Kf5 41. Bg4+ Ke5 42. Rc5+ Kd6 43. Bf3 Qa1 44. Rc6+ Kd7 45. Rc5 Qg1+ 46. Bg2 Qb1 47. Rd5+ Ke7 48. Ra5 Qg6+ 49. Kh2 Qd6+ 0-1

[Event "*** SCC Grand Prix: Titled Tuesday Blitz"]
[Site "Chess.com"]
[Date "2020.08.11"]
[Round "3"]
[White "sorito"]
[Black "Aleksey_Sorokin"]
[Result "0-1"]
[WhiteElo "2476"]
[BlackElo "2799"]
[TimeControl "180+1"]
[EndTime "10:30:11 PDT"]
[Termination "Aleksey_Sorokin won on time"]

1. Nf3 Nf6 2. g3 g6 3. Bg2 Bg7 4. c4 O-O 5. O-O d5 6. cxd5 Nxd5 7. d4 Nb6 8. b3 c5 9. Bb2 Nc6 10. e3 Bg4 11. Na3 cxd4 12. exd4 Rb8 13. Nc2 Be6 14. Rc1 Bd5 15. Re1 e6 16. Qd2 Qf6 17. Ne5 Rfd8 18. Qe2 Bxg2 19. Kxg2 Qe7 20. Rcd1 Qd6 21. Ne3 Rbc8 22.
Kg1 Nd5 23. N3c4 Qc7 24. a3 a6 25. Nd2 Nde7 26. Ndf3 Nf5 27. Qe4 h6 28. Re2 Rd5 29. Nxc6 Qxc6 30. Rc1 Qd7 31. Rxc8+ Qxc8 32. Rc2 Qd7 33. Rc4 b5 34. Rc2 Nxd4 35. Bxd4 Bxd4 36. Nxd4 Rxd4 37. Qa8+ Kg7 38. h4 Rd1+ 39. Kh2 Rd3 40. Qxa6 Rxb3 41. Qb6 Qd5 42. Qa7 Rb1 43. g4 Rh1+ 44. Kg3 Qd3+ 45. Qe3 Qxc2 46. Qd4+ Kg8 47. Qd8+ Kh7 48. Qf6 Qd3+ 49. f3 Qd7 50. h5 Re1 51. g5 Rd1 52. hxg6+ fxg6 0-1

[Event "*** SCC Grand Prix: Titled Tuesday Blitz"]
[Site "Chess.com"]
[Date "2020.08.11"]
[Round "3"]
[White "Titus369"]
[Black "Manukyan_Artak"]
[Result "0-1"]
[WhiteElo "2462"]
[BlackElo "2331"]
[TimeControl "180+1"]
[EndTime "10:30:11 PDT"]
[Termination "Manukyan_Artak won on time"]

1. e4 c6 2. d4 d5 3. Nd2 dxe4 4. Nxe4 Nf6 5. Nxf6+ exf6 6. c3 Bd6 7. Bd3 O-O 8. Ne2 Qc7 9. Qc2 h5 10. Be3 c5 11.
O-O-O c4 12. Be4 Nc6 13. Ng3 h4 14. Nf5 Bxf5 15. Bxf5 Rfe8 16. Qe2 g6 17. Bc2 Bf4 18.
Qxc4 b5 19. Qc5 Bd6 20. Qd5 Kg7 21. g3 Rac8 22. gxh4 Nb4 23. Qb3 Nxc2 24. Qxc2 b4 25. Rd3 bxc3 26. Rxc3 Qb7 27. Rg1 Rxc3 28. bxc3 Ba3+ 29. Kd2 Rh8 30. Rg4 Rh5 31. c4 Bb4+ 32. Ke2 Qh1 33. Qd1 Qxh2 34. Qg1 Qxg1 35. Rxg1 Rxh4 36.
c5 f5 37. c6 Bd6 38. Rb1 f4 39. Bd2 f3+ 40. Kxf3 Kf6 41. Rb7 Ke6 42. Be3 Rh5 43. Ke4 Rh4+ 44. Kd3 f5 45. Rxa7 f4 46. Bd2 Kd5 47. c7 Rh8 0-1

[Event "*** SCC Grand Prix: Titled Tuesday Blitz"]
[Site "Chess.com"]
[Date "2020.08.11"]
[Round "3"]
[White "bgfbfbgfbgfgf"]
[Black "Colchonero64"]
[Result "0-1"]
[WhiteElo "2676"]
[BlackElo "2918"]
[TimeControl "180+1"]
[EndTime "10:30:13 PDT"]
[Termination "Colchonero64 won on time"]

1. e4 c5 2. Nc3 e6 3. Nge2 a6 4. g3 b5 5. Bg2 Bb7 6. O-O b4 7.
Na4 Nf6 8. d4 Bxe4 9. f3 Bc6 10.
Nxc5 a5 11. Nf4 Be7 12. Be3 Na6 13. Ne4 Nc7 14. c4 bxc3 15. bxc3 d5 16. Nxf6+ Bxf6 17. Nh5 O-O 18. Nxf6+ Qxf6 19. Qd2 Qd8 20. Bf4 Nb5 21. Rfe1 Na3 22. Qc1 Nc4 23. Bf1 Qd7 24. Rb1 Bb5 25.
Bxc4 Bxc4 26. Qa3 h6 27. Rb6 Rfc8 28. Reb1 Ra7 29. Rb8 Kh7 30. Rxc8 Qxc8 31. Rb8 Qd7 32. Qf8 Qa4 33. Qh8+ Kg6 34. Rb1 Rb7 35. Re1 Qxa2 36.
h4 Rb1 37. Bc1 Rxc1 38. Rxc1 Qd2 39. Ra1 Qe3+ 40. Kh2 Qf2+ 41. Kh1 Qxf3+ 42. Kh2 Qf2+ 43. Kh3 Bd3 44. h5+ Kxh5 45. Qxg7 Qf3 46. Kh2 Be4 0-1

[Event "*** SCC Grand Prix: Titled Tuesday Blitz"]
[Site "Chess.com"]
[Date "2020.08.11"]
[Round "3"]
[White "Msb2"]
[Black "JesseKraai"]
[Result "1-0"]
[WhiteElo "2794"]
[BlackElo "2542"]
[TimeControl "180+1"]
[EndTime "10:30:15 PDT"]
[Termination "Msb2 won on time"]

1. d4 d6 2. c4 e5 3. d5 f5 4. e4 Nf6 5. Nc3 g6 6. exf5 gxf5 7. f4 Bg7 8. Be2 O-O 9. Nf3 Qe7 10. O-O Nbd7 11. Kh1 Nc5 12. Be3 Nce4 13. Nxe4 Nxe4 14. Qc2 Bd7 15. Rae1 Rae8 16. Nd2 Qh4 17. Kg1 Kh8 18. Bd3 Nxd2 19. Qxd2 e4 20. Be2 Rf6 21. Rf2 Rg6 22. g3 Rg8 23. Rg2 Qf6 24. b3 Qc3 25. Qxc3 Bxc3 26. Rd1 Kg7 27. Kf2 Kf8 28. Bd4 Bxd4+ 29.
Rxd4 Ke7 30. Rd1 R6g7 31. Ke3 c5 32. Rdg1 a6 33. a4 Be8 34. h3 h5 35. g4 hxg4 36. hxg4 Bd7 37. g5 Rh8 38. Rg3 Be8 39. a5 Rh2 40.
R1g2 Rh1 41. Rg1 Rh4 42. Bf1 Bg6 43. Rh3 Rgh7 44. Rgh1 Rxh3+ 45. Rxh3 Rxh3+ 46. Bxh3 Kd7 47. Kd2 Kc7 48. Kc3 b6 49. b4 bxa5 50. bxa5 Kb7 51. Bf1 Ka7 52. Be2 Kb7 53. Kd2 Ka7 54. Ke1 Kb7 55.
Kf2 Kc7 56. Kg3 Kd7 57. Bd1 Ke7 58. Ba4 Be8 59. Bc6 Kf8 60. Bb7 1-0

[Event "*** SCC Grand Prix: Titled Tuesday Blitz"]
[Site "Chess.com"]
[Date "2020.08.11"]
[Round "3"]
[White "lelajavakhishvili"]
[Black "Fins0905"]
[Result "0-1"]
[WhiteElo "2406"]
[BlackElo "2638"]
[TimeControl "180+1"]
[EndTime "10:30:15 PDT"]
[Termination "Fins0905 won on time"]

1. d4 d5 2. c4 c6 3. Nf3 Nf6 4. e3 Bf5 5. Nc3 e6 6. Qb3 Qb6 7. c5 Qc7 8. Nh4 Bg6 9. Be2 Nbd7 10. Nxg6 hxg6 11. f4 b6 12. cxb6 axb6 13. O-O Be7 14.
Bd2 O-O 15. Rfc1 Qa7 16. a4 Rfc8 17. Bf3 Ne8 18. Qd1 Nd6 19. b3 c5 20. Nb5 Nxb5 21.
axb5 Qb7 22. Bc3 cxd4 23. Bxd4 Bf6 24. b4 Be7 25. Qd2 Rxa1 26. Rxa1 Qc7 27. e4 dxe4 28.
Bxe4 Bf6 29. Bc6 Rd8 30. Bxf6 Nxf6 31. Qe3 Nd5 32. Qe4 Nxf4 33. Rf1 Nd5 34. h3 Qd6 35. Qd4 Qxb4 36. Qe5 Qc5+ 37. Kh1 Qd6 38. Qd4 Ne7 39. Qxb6 Rc8 40. Rc1 Qf4 41. Qc5 Nf5 42. Qc4 Qe5 43. Qc5 Qg3 44. Qc3 Qf4 45. Qc4 Ng3+ 46. Kg1 Ne2+ 47. Qxe2 Qxc1+ 48. Kh2 Qc5 49. Qe4 Rd8 50. Qf4 f6 0-1